 Dungeon Crawl Stone Soup version 0.27-a0-277-g024f7ef292 (webtiles) character file.

Game seed: 5050662227414492955

11503 gimp the Geomancer (level 11, -9/63 HPs)
             Began as an Octopode Earth Elementalist on Feb 5, 2021.
             Was an Initiate of Gozag.
             Mangled by a freezing wraith (14 damage)
             ... on level 12 of the Dungeon.
             The game lasted 00:27:32 (20065 turns).

gimp the Geomancer (Octopode Earth Elementalist)   Turns: 20065, Time: 00:27:32

Health: -9/63      AC:  1    Str:  8    XL:     11   Next: 78%
Magic:  9/21       EV: 13    Int: 27    God:    Gozag
Gold:   2423       SH:  0    Dex: 12    Spells: 11/24 levels left

rFire    . . .     SeeInvis .   o - +7 dagger (venom)
rCold    . . .     Faith    .   (no shield)
rNeg     . . .     Spirit   .   (helmet restricted)
rPois    .         Reflect  .   (no amulet)
rElec    .         Harm     .   s - +6 ring of intelligence
rCorr    .         Rampage  .   (no ring)
Will     .....                  (no ring)
Stlth    +++.......             (no ring)
HPRegen  0.20/turn              (no ring)
MPRegen  0.17/turn              (no ring)
                                (no ring)
                                (no ring)

@: no status effects
A: almost no armour, stealthy swim, amphibious, 8 rings, constrict 8, camouflage
1, gelatinous body 1
a: Renounce Religion, Potion Petition, Call Merchant, Bribe Branch


You were on level 12 of the Dungeon.
You worshipped Gozag.
Gozag was most pleased with you.
You visited 1 branch of the dungeon, and saw 12 of its levels.

You collected 2479 gold pieces.
You paid 56 gold pieces to Gozag.

Inventory:

Hand Weapons
 o - a +7 dagger of venom (weapon)
Missiles
 b - 260 stones
 j - 8 curare-tipped darts
 t - 7 poisoned darts
Jewellery
 s - a +6 ring of intelligence (left tentacle)
Wands
 d - a wand of charming (10)
 f - a wand of acid (17)
 q - a wand of flame (17)
 r - a wand of polymorph (19)
Scrolls
 e - 6 scrolls of remove curse
 g - 2 scrolls of fear
 m - 7 scrolls of teleportation
 u - 3 scrolls of magic mapping
 x - a scroll of fog
Potions
 a - a potion of curing
 c - a potion of lignification
 h - 3 potions of ambrosia
 i - 3 potions of magic
 k - a potion of might
 l - a potion of cancellation
 n - 3 potions of heal wounds {unknown}
 p - a potion of resistance
 v - a potion of haste {unknown}
 w - a potion of mutation {unknown}


   Skills:
 - Level 1.0 Fighting
 - Level 6.0 Short Blades
 - Level 2.0 Dodging
 - Level 2.6 Stealth
 + Level 7.2 Spellcasting
 - Level 5.0 Conjurations
 * Level 9.6 Transmutations
 * Level 11.5 Earth Magic


You had 11 spell levels left.
You knew the following spells:

 Your Spells              Type           Power        Failure   Level
a - Stone Arrow           Conj/Erth      100%         1%          3
b - Sandblast             Erth           100%         1%          1
c - Petrify               Tmut/Erth      61%          1%          4
d - Lee's Rapid Deconstr  Erth           32%          1%          5

Your spell library contained the following spells:

 Spells                   Type           Power        Failure   Level
 Sting                    Tmut/Pois      100%         1%          1
 Passwall                 Tmut/Erth      50%          1%          2
 Spider Form              Tmut/Pois      17%          2%          3
 Ignite Poison            Fire/Tmut/Pois 27%          4%          3
 Poisonous Vapours        Pois/Air       18%          9%          2
 Mephitic Cloud           Conj/Pois/Air  18%          9%          3
 Olgreb's Toxic Radiance  Pois           9%           50%         4


Dungeon Overview and Level Annotations

Branches:
Dungeon (12/15)            Temple (0/1) D:7            Lair (0/6) D:8
    Orc (0/2) D:11

Altars:
Ashenzari
Dithmenos
Elyvilon
Gozag
Nemelex Xobeh
Wu Jian
Yredelemnul

Annotations:
D:2 Terence
D:9 exclusion: scorpion, Erolcha


Innate Abilities, Weirdness & Mutations

You cannot wear most types of armour.
You are very stealthy in the water. (Stealth+)
You are amphibious.
You can wear up to eight rings at the same time.
You can use your tentacles to constrict eight enemies at once.
Your skin changes colour to match your surroundings (Stealth+).
Your rubbery body absorbs attacks. (AC +1, EV +1)


Message History

Casting: Stone Arrow (safe; 1% risk of failure)
Confirm with . or Enter, or press ? or * to list all spells.
Aiming: Stone Arrow (safe; 1% risk of failure)
Press: ? - help, Shift-Dir - straight line, f/p - freezing wraith
Aim: a freezing wraith (lightly damaged, 22% to evade)
The stone arrow hits the freezing wraith!
The freezing wraith is heavily damaged.
You now have 12/21 mp.
Casting: Stone Arrow (safe; 1% risk of failure)
Confirm with . or Enter, or press ? or * to list all spells.
Aiming: Stone Arrow (safe; 1% risk of failure)
Press: ? - help, Shift-Dir - straight line, f/p - freezing wraith
Aim: a freezing wraith (heavily damaged, 22% to evade)
The stone arrow hits the freezing wraith!
The freezing wraith is severely damaged.
The freezing wraith hits you! The freezing wraith freezes you!!
* * * LOW HITPOINT WARNING * * *
The freezing wraith hits you!
You die...
Your body crumbles into a pile of gold.

......##.####.##..#
####..##......##..#
#..##......##..#
#..##.###..##..#
#..##.# #..##..#
#..##.# #..##..#
#..##.# #..##..#
#..##.# #..##..#
#..##.# #..##@.#
#))##.# #..##W.#
#.)##.###..##..#
####..........##..#
..........o....$..#
###################


You could see a freezing wraith.

Vanquished Creatures
  A two-headed ogre (D:10)
  A wolf spider zombie (D:11)
  A troll (D:10)
  2 hornets
  A shadow (D:12)
  A wraith (D:9)
  10 yaks
  2 wargs
  An acid dragon (D:11)
  2 water moccasins
  12 orc warriors
  2 ice beasts
  A sky beast (D:11)
  2 black bears
  An eye of draining (D:9)
  A necrophage (D:5)
  13 centaurs
  5 ogres
  5 phantoms
  A big kobold (D:10)
  6 bullfrogs
  A wyvern zombie (D:12)
  6 scorpions
  23 killer bees
  11 wights
  2 howler monkeys
  A bullfrog zombie (D:7)
  2 quasits
  10 hounds
  A jelly (D:8)
  9 orc priests
  A bullfrog skeleton (D:7)
  4 iguanas
  10 orc wizards
  8 worker ants
  A killer bee zombie (D:10)
  4 hound skeletons
  A worker ant zombie (D:9)
  12 adders
  A shadow imp (D:10)
  3 white imps
  2 ufetubi
  An adder zombie (D:7)
  4 dart slugs
  8 leopard geckos
  55 orcs
  4 giant cockroaches
  5 goblins
  6 hobgoblins
  12 jackals
  5 quokkas
  3 bats (D:3)
  A frilled lizard (D:1)
  2 jackal skeletons
  14 kobolds
  A leopard gecko skeleton (D:8)
  2 quokka skeletons
  A quokka zombie (D:9)
  7 rats
315 creatures vanquished.

Notes
Turn   | Place    | Note
-------+----------+-------------------------------------------
     0 | D:1      | gimp the Octopode Earth Elementalist began the quest for
                  | the Orb.
     0 | D:1      | Reached XP level 1. HP: 11/11 MP: 3/3
   264 | D:1      | Reached XP level 2. HP: 18/18 MP: 1/5
   504 | D:1      | Reached skill level 1 in Fighting
  1156 | D:2      | Found an ornate altar of the Wu Jian Council.
  1220 | D:2      | Reached XP level 3. HP: 23/23 MP: 4/6
  1224 | D:2      | Learned a level 3 spell: Stone Arrow
  1321 | D:2      | Noticed Terence
  2403 | D:3      | Reached skill level 4 in Earth Magic
  2449 | D:3      | Reached skill level 1 in Conjurations
  2449 | D:3      | Reached XP level 4. HP: 28/28 MP: 1/7
  2634 | D:3      | Reached XP level 5. HP: 11/33 MP: 0/8
  2850 | D:3      | Found a white marble altar of Elyvilon.
  4331 | D:4      | Reached skill level 5 in Earth Magic
  4380 | D:4      | Found an opulent altar of Gozag.
  4527 | D:4      | Reached XP level 6. HP: 38/38 MP: 7/10
  4574 | D:4      | Became a worshipper of Gozag Ym Sagoz the Greedy
  5134 | D:5      | Entered Level 5 of the Dungeon
  5330 | D:5      | Found a broken altar of Ashenzari.
  5351 | D:5      | Reached XP level 7. HP: 43/43 MP: 9/11
  5684 | D:5      | Reached skill level 6 in Earth Magic
  6274 | D:5      | Learned a level 4 spell: Petrify
  6280 | D:5      | Learned a level 5 spell: Lee's Rapid Deconstruction
  6316 | D:6      | Reached XP level 8. HP: 42/48 MP: 3/13
  6401 | D:6      | Reached skill level 5 in Conjurations
  6798 | D:6      | Found a basalt altar of Yredelemnul.
  6840 | D:6      | Reached skill level 1 in Short Blades
  6840 | D:6      | Reached skill level 7 in Earth Magic
  8019 | D:6      | Found a sparkling altar of Nemelex Xobeh.
  8478 | D:7      | Reached XP level 9. HP: 53/53 MP: 5/15
  8682 | D:6      | Reached skill level 8 in Earth Magic
  8958 | D:7      | Found a staircase to the Ecumenical Temple.
  9385 | D:7      | Reached skill level 5 in Spellcasting
  9506 | D:7      | Identified Digg's Catalogue of Venom
  9627 | D:7      | Reached skill level 5 in Transmutations
  9683 | D:7      | Noticed a hornet
  9698 | D:7      | Killed a hornet
 10862 | D:8      | Reached skill level 9 in Earth Magic
 10889 | D:8      | Reached XP level 10. HP: 58/58 MP: 5/18
 12100 | D:8      | Found a staircase to the Lair.
 12800 | D:8      | Found a shadowy altar of Dithmenos.
 13058 | D:9      | Found a white marble altar of Elyvilon.
 13732 | D:9      | Noticed Erolcha
 14416 | D:10     | Entered Level 10 of the Dungeon
 14504 | D:10     | Noticed a two-headed ogre
 14507 | D:10     | Reached skill level 5 in Short Blades
 14507 | D:10     | Reached skill level 10 in Earth Magic
 14802 | D:10     | You fall into a shaft and drop 1 floor!
 15767 | D:10     | Killed a two-headed ogre
 15768 | D:10     | Reached XP level 11. HP: 42/63 MP: 2/20
 16660 | D:11     | Found a staircase to the Orcish Mines.
 17460 | D:11     | Reached skill level 11 in Earth Magic
 20065 | D:12     | Mangled by a freezing wraith

Illustrated notes

Levels and vault maps discovered:
D:1:      psy_arrival_dodecagon, layout_loops_ring, serial_forest,
          infiniplex_forest_straight_4, infiniplex_forest_lined_3,
          infiniplex_forest_3_way, infiniplex_forest_end_1,
          infiniplex_forest_end_2, infiniplex_forest_end_double,
          infiniplex_forest_lined_2, infiniplex_forest_lined_corner,
          infiniplex_forest_pool, chequers_arboretum
D:2:      layout_basic, lemuel_round_altar, uniq_terence
D:3:      layout_basic, old_standard_altar
D:4:      layout_loops_ring, lemuel_round_altar, serial_co_window_serial,
          co_window_corner_a, co_window_of_opportunity_a, co_window_paths_a,
          co_window_corner_a, co_window_paths_a, co_window_of_opportunity_c,
          co_window_broadway_c, co_window_corner_ca, co_window_broadway_b,
          co_window_unsneaky_path_d, co_window_broadway_c, co_window_corner_cb,
          co_window_4corner_a, glass_columns_a, glass_columns_a,
          glass_columns_b, glass_columns_b
D:5:      layout_loops_cross, ashenzari_altar_1
D:6:      layout_rooms, marbit_many_paths, basic_altar
D:7:      layout_basic, nicolae_overflow_hidden_temple,
          minmay_temple_entry_arrows, grunt_ministairs_5, nzn_random_ring
D:8:      layout_cave_pools, lemuel_round_altar, erik_lair_orcish_takeover
D:9:      layout_basic, elyvilon_altar_4, uniq_erolcha
D:10:     layout_basic, columned_hall_lemuel, palyth_stone_intersect
D:11:     layout_roguey, david_orc_2
D:12:     layout_long_grid, uniq_gastronok

Skill      XL: |  1  2  3  4  5  6  7  8  9 10 11 |
---------------+----------------------------------+-----
Fighting       | 1 |  1.0
Earth Magic    | 4 5 6 7 9 10 11 | 11.5
Conjurations   | 1 2 3 4 5 |  5.0
Spellcasting   | 3 4 5 6 7 |  7.2
Transmutations | 3 6 8 9 |  9.6
Short Blades   | 2 4 5 6 |  6.0
Dodging        | |  2.0
Stealth        | |  2.6

Action                   |  1- 3 |  4- 6 |  7- 9 | 10-12 || total
-------------------------+-------+-------+-------+-------++-------
Melee: Dagger            |     3 |     7 |    59 |   110 ||   179
       Constrict         |     2 |     3 |    10 |    13 ||    28
       Tentacles         |       |     2 |     8 |    18 ||    28
 Cast: Sandblast         |    43 |    77 |    43 |     1 ||   164
       Stone Arrow       |       |       |   111 |   210 ||   321
       Petrify           |       |       |     3 |    24 ||    27
Evoke: Wand              |       |       |       |     5 ||     5
  Use: Scroll            |       |    12 |     8 |     9 ||    29
       Potion            |       |       |     3 |     3 ||     6
 Stab: Sleeping          |       |     1 |     1 |       ||     2
       Petrified         |       |       |     6 |    23 ||    29
       Distracted        |       |       |       |     1 ||     1
Armor: Skin              |     2 |     1 |    30 |    38 ||    71
Dodge: Dodged            |     4 |    22 |    89 |   125 ||   240

Table legend: (Time is in decaauts)
 A = Elapsed time spent in this place.
 B = Non-inter-level travel time spent in this place.
 C = Inter-level travel time spent in this place.
 D = Time resting spent in this place.
 E = Time spent auto-exploring this place.
 F = Levels seen in this place.
 G = Mean time per level.
                   A        B        C        D        E       F      G
               +--------+--------+--------+--------+--------+-----+--------+
         Total |  20048 |  19247 |    801 |   2447 |  14493 |  12 | 1670.7 |
       Dungeon |  20048 |  19247 |    801 |   2447 |  14493 |  12 | 1670.7 |
               +--------+--------+--------+--------+--------+-----+--------+

Top non-repeatable levels by time:
     D:7: 3252 daAuts
    D:10: 2749 daAuts
     D:6: 2092 daAuts
    D:11: 1948 daAuts
     D:9: 1731 daAuts
     D:4: 1461 daAuts
     D:3: 1416 daAuts
     D:5: 1388 daAuts
     D:1: 1156 daAuts
     D:2: 1098 daAuts
     D:8: 1022 daAuts
    D:12: 731 daAuts
